 Dungeon Crawl Stone Soup version 0.27.0-1-g7a089689b8 (webtiles) character file.

Game seed: 2611117911338881310

9560 dolemite99 the Frost Mage (level 11, -8/217 HPs)
             Began as a White Draconian Ice Elementalist on Aug 8, 2021.
             Was an Elder of Qazlal.
             Mangled by a death yak (11 damage)
             ... on level 10 of the Dungeon.
             The game lasted 00:21:44 (16885 turns).

dolemite99 the Frost Mage (DrIE)                   Turns: 16885, Time: 00:21:44

Health: -8/217     AC: 25    Str: 12    XL:     11   Next: 24%
Magic:  0/13       EV:  2    Int: 17    God:    Qazlal [****..]
Gold:   267        SH:  5    Dex: 12    Spells: 3/14 levels left

rFire    . . .     SeeInvis .   W - +0 whip (elec)
rCold    . . .     Faith    .   (no shield)
rNeg     + + +     Spirit   .   (armour unavailable)
rPois    +         Reflect  .   (helmet currently unavailable)
rElec    .         Harm     .   (cloak currently unavailable)
rCorr    .         Rampage  .   (gloves currently unavailable)
Will     .....     NoTele   +   (boots currently unavailable)
Stlth    ..........             (no amulet)
HPRegen  0.46/turn              (no ring)
MPRegen  0.13/turn              (no ring)

@: mighty, berserking, tree-form, unable to read, freezing walls, repel
missiles, very quick
A: stationary, stasis, torment immunity, boosted hp, (breathe frost), AC +7,
unfitting armour, (cold resistance 1), (cold-blooded), (talons 1), low mp 1,
inability to read while threatened
a: Renounce Religion, Upheaval, Elemental Force


You were on level 10 of the Dungeon.
You worshipped Qazlal.
Qazlal was greatly pleased with you.
You were a tree.
You visited 1 branch of the dungeon, and saw 10 of its levels.

You collected 672 gold pieces.
You spent 405 gold pieces at shops.

Inventory:

Hand Weapons
 a - a +1 dagger of draining
 o - a +2 vorpal flail
 v - a +1 quarterstaff of speed
 x - a +2 whip of flaming
 y - a +4 flail of holy wrath
 M - a +0 trident of pain
 P - a +4 falchion
 R - a +0 quarterstaff
 S - a +4 scimitar
 V - a +0 shortbow
 W - a +0 whip of electrocution (weapon)
Missiles
 d - 7 boomerangs (quivered)
 e - 265 stones
 g - 32 poisoned darts
 i - 121 arrows
 n - 4 atropa-tipped darts
 r - 58 bolts
 H - 5 sling bullets
 U - 3 throwing nets
 Y - 4 javelins
Armour
 f - a +0 pair of boots (melded)
 C - a +0 pair of gloves (melded)
 Z - a +0 cloak (melded)
Jewellery
 Q - an amulet of guardian spirit
 T - an amulet of magic regeneration
Wands
 w - a wand of polymorph (10)
Scrolls
 b - 2 scrolls of magic mapping {unknown}
 c - 2 scrolls of teleportation
 j - a scroll of torment
 k - 2 scrolls of immolation {unknown}
 m - 2 scrolls of fear {unknown}
 q - a scroll of brand weapon {unknown}
 t - a scroll of amnesia
 A - a scroll of vulnerability {unknown}
 E - 2 scrolls of silence {unknown}
 F - 3 scrolls of enchant weapon {unknown}
 I - a scroll of blinking
Potions
 l - 3 potions of mutation
 s - 3 potions of berserk rage
 u - a potion of flight
 z - 2 potions of attraction
 B - a potion of cancellation
 G - 2 potions of might
 K - a potion of resistance
 O - 3 potions of haste


   Skills:
 - Level 9.3 Fighting
 + Level 7.7 Maces & Flails
 - Level 4.8 Dodging
 - Level 2.2 Stealth
 - Level 2.3 Spellcasting
 - Level 7.9 Conjurations
 - Level 12.0 Ice Magic


You had 3 spell levels left.
You knew the following spells:

 Your Spells              Type           Power      Damage    Failure   Level
a - Hailstorm             Conj/Ice       35%        3d9       3%          4
b - Frozen Ramparts       Ice            84%        1d10      1%          3
c - Freeze                Ice            100%       1d11      1%          1
d - Ozocubu's Armour      Ice            42%        N/A       1%          3

Your spell library contained the following spells:

 Spells                   Type           Power      Damage    Failure   Level
 Magic Dart               Conj           100%       1d8       1%          1
 Searing Ray              Conj           58%        3d5       1%          2
 Ensorcelled Hibernation  Hex/Ice        44%        N/A       2%          2
 Conjure Flame            Conj/Fire      15%        6-21      11%         3
 Animate Skeleton         Necr           2%         N/A       19%         1
 Apportation              Tloc           2%         N/A       19%         1
 Corona                   Hex            1%         N/A       19%         1
 Pain                     Necr           4%         1d4       19%         1
 Summon Small Mammal      Summ           4%         N/A       19%         1
 Mephitic Cloud           Conj/Pois/Air  10%        N/A       19%         3
 Slow                     Hex            1%         N/A       28%         2
 Confusing Touch          Hex            1%         N/A       50%         3
 Gell's Gravitas          Tloc           0%         N/A       50%         3
 Ignite Poison            Fire/Tmut/Pois 1%         N/A       50%         3
 Lesser Beckoning         Tloc           0%         N/A       50%         3
 Teleport Other           Tloc           1%         N/A       50%         3
 Tukima's Dance           Hex            1%         N/A       50%         3
 Fulminant Prism          Conj/Hex       7%         3d7       36%         4
 Sticky Flame             Conj/Fire      15%        2d4       36%         4
 Metabolic Englaciation   Hex/Ice        11%        N/A       41%         5
 Bolt of Magma            Conj/Fire/Erth 5%         4d5       87%         5
 Animate Dead             Necr           0%         N/A       88%         4
 Simulacrum               Ice/Necr       11%        N/A       94%         6
 Agony                    Necr           1%         N/A       99%         5
 Excruciating Wounds      Necr           0%         N/A       99%         5
 Yara's Violent Unravell  Hex/Tmut       0%         3d3       99%         5
 Haunt                    Necr/Summ      0%         N/A       100%        7
 Infestation              Necr           0%         N/A       100%        8


Dungeon Overview and Level Annotations

Branches:
Dungeon (10/15)            Temple (0/1) D:7
   Lair: D:8-11         Orc: D:9-12

Altars:
Cheibriados
Dithmenos
Kikubaaqudgha
Nemelex Xobeh
Qazlal
Ru
Zin

Shops:
D:8 !!![(

Annotations:
D:8 exclusion: ice statue


Innate Abilities, Weirdness & Mutations

You are a tree.
Your roots penetrate the ground, keeping you stationary.
You cannot be teleported.
You are immune to unholy pain and torment.
Your maximum health is greatly increased.
Your equipment is partially melded.
((You can breathe waves of freezing cold which knock back foes.))
((Your icy white scales are hard. (AC +7)))
You cannot fit into any form of body armour.
((Your flesh is cold resistant. (rC+)))
((You are cold-blooded and may be slowed by cold attacks.))
((You have sharp toenails.))
Your magical capacity is low. (-10% MP)
You sometimes lose the ability to read scrolls when taking damage.


Message History

The wall freezes the death yak.
The wall freezes the death yak!
You kill the death yak!
Qazlal accepts your kill.
Casting: Frozen Ramparts (safe; 1% risk of failure)
Confirm with . or Enter, or press ? or * to list all spells.
Casting: Hailstorm (mildly dangerous; 3% risk of failure)
Press: ? - help, Dir - look around, f - activate A cannonade of hail descends around you!
The hail pelts the death yak.
The death yak is heavily wounded.
The wall freezes the death yak.
You hit the death yak but do no damage.
The death yak is heavily wounded.
The wall freezes the death yak!
The death yak gores you but does no damage.
Casting: Hailstorm (mildly dangerous; 3% risk of failure)
Confirm with . or Enter, or press ? or * to list all spells.
Aiming: Freeze (safe; 1% risk of failure)
Press: ? - help, Shift-Dir - straight line, f - death yak
Aim: a death yak (severely wounded)
You freeze the death yak.
The death yak is severely wounded.
The wall freezes the death yak!
The death yak gores you.
* * * LOW HITPOINT WARNING * * *
Casting: Freeze (safe; 1% risk of failure)
Confirm with . or Enter, or press ? or * to list all spells.
Aiming: Freeze (safe; 1% risk of failure)
Press: ? - help, Shift-Dir - straight line, f/p - death yak
Aim: a death yak (severely wounded)
You freeze the death yak.
The death yak is severely wounded.
The wall freezes the death yak!
The death yak gores you!
* * * LOW HITPOINT WARNING * * *
Casting: Freeze (safe; 1% risk of failure)
Confirm with . or Enter, or press ? or * to list all spells.
You don't have enough magic to cast this spell.
A red film seems to cover your vision as you go berserk!
You feel yourself moving faster!
You feel mighty!
The wall freezes the death yak!
The death yak gores you!
You die...

#.# #.## #..# ##.#
#.# #####'##
#......#
...##########......#
#......♣Y...'......#
##.##########......#
#......# #......#
#..Y...# #####'##
##Y# #.Y# ###'##


You could see a death yak.

Vanquished Creatures
  4 death yaks (D:10)
  A two-headed ogre (D:9)
  Pikel (D:4)
  2 kobold demonologists
  5 yaks
  A wraith (D:9)
  3 wyverns
  2 steam dragons (D:8)
  Edmund (D:4)
  2 water moccasins
  2 ice beasts
  5 orc warriors
  A sky beast (D:8)
  A black bear (D:7)
  An ogre (D:6)
  A necrophage (D:8)
  A centaur (D:8)
  3 lemures (D:4)
  11 kobold brigands (D:8)
  A gnoll sergeant (D:9)
  3 scorpions
  A water moccasin zombie (D:6)
  A water moccasin skeleton (D:7)
  3 killer bees (D:6)
  9 wights
  A howler monkey (D:7)
  A bullfrog zombie (D:6)
  A centaur zombie (D:7)
  A hound (D:5)
  4 jellies
  5 orc priests
  A centaur skeleton (D:7)
  3 iguanas
  Terence (D:3)
  4 orc wizards
  A killer bee zombie (D:8)
  A howler monkey zombie (D:7)
  7 gnolls
  8 adders
  A howler monkey skeleton (D:5)
  A shadow imp (D:7)
  A white imp (D:6)
  An ufetubus (D:5)
  6 worms
  2 dart slugs
  11 orcs
  3 ball pythons
  6 endoplasms
  A giant cockroach (D:3)
  10 goblins
  5 hobgoblins
  4 jackals (D:2)
  3 quokkas
  3 bats
  3 frilled lizards (D:1)
  18 kobolds
  4 rats
188 creatures vanquished.

Notes
Turn   | Place    | Note
-------+----------+-------------------------------------------
     0 | D:1      | dolemite99 the Draconian Ice Elementalist began the quest
                  | for the Orb.
     0 | D:1      | Reached XP level 1. HP: 14/14 MP: 3/3
   247 | D:1      | Reached XP level 2. HP: 17/20 MP: 1/5
   297 | D:1      | Found a faded altar of an unknown god.
   317 | D:1      | Became a worshipper of Qazlal Stormbringer
   317 | D:1      | Reached * piety under Qazlal
  1159 | D:2      | Reached XP level 3. HP: 22/26 MP: 2/6
  1303 | D:2      | Found an ancient bone altar of Kikubaaqudgha.
  2177 | D:3      | Noticed Terence
  2185 | D:3      | Killed Terence
  2186 | D:3      | Reached skill level 5 in Ice Magic
  2186 | D:3      | Reached XP level 4. HP: 33/33 MP: 3/7
  3163 | D:3      | Reached ** piety under Qazlal
  3232 | D:3      | Found a sparkling altar of Nemelex Xobeh.
  3564 | D:4      | Reached XP level 5. HP: 38/38 MP: 4/8
  3567 | D:4      | Reached skill level 6 in Ice Magic
  3782 | D:4      | Learned a level 3 spell: Frozen Ramparts
  3786 | D:4      | Noticed a lemure
  3786 | D:4      | Noticed a lemure
  3786 | D:4      | Noticed a lemure
  3786 | D:4      | Noticed a lemure
  3800 | D:4      | Killed a lemure
  3802 | D:4      | Killed a lemure
  3807 | D:4      | Killed a lemure
  4055 | D:4      | Noticed Pikel
  4464 | D:4      | Killed Pikel
  4465 | D:4      | Reached skill level 8 in Ice Magic
  4465 | D:4      | Reached XP level 6. HP: 37/45 MP: 1/9
  4465 | D:4      | Your scales start taking on an icy white colour.
  4465 | D:4      | Reached skill level 10 in Ice Magic
  4465 | D:4      | Reached XP level 7. HP: 41/50 MP: 1/10
  4465 | D:4      | Gained mutation: Your flesh is cold resistant. (rC+) [White
                  | Draconian growth]
  4671 | D:4      | Noticed Edmund
  4896 | D:4      | Killed Edmund
  5388 | D:4      | Reached skill level 11 in Ice Magic
  5582 | D:5      | Entered Level 5 of the Dungeon
  6827 | D:5      | Found a shadowy altar of Dithmenos.
  7009 | D:5      | Reached XP level 8. HP: 57/57 MP: 6/11
  7712 | D:6      | Reached skill level 12 in Ice Magic
  8152 | D:6      | Reached skill level 5 in Fighting
  8155 | D:6      | Reached *** piety under Qazlal
  8462 | D:6      | Found a glowing silver altar of Zin.
  8488 | D:6      | Identified the +1 ring mail of Zewnanny {Harm rPois Str+3}
  8859 | D:7      | Found a staircase to the Ecumenical Temple.
  8899 | D:7      | Reached XP level 9. HP: 38/69 MP: 3/12
  9301 | D:7      | Learned a level 3 spell: Ozocubu's Armour
 10718 | D:8      | Found Nieckusch's Distillery.
 10726 | D:8      | Bought a potion of curing for 45 gold pieces
 10726 | D:8      | Bought a potion of degeneration for 15 gold pieces
 10726 | D:8      | Bought a potion of berserk rage for 75 gold pieces
 10726 | D:8      | Bought a potion of resistance for 150 gold pieces
 11240 | D:8      | Learned a level 4 spell: Hailstorm
 11251 | D:8      | Found Limukliw's Distillery.
 11276 | D:8      | Reached skill level 1 in Conjurations
 11691 | D:8      | Found Cyfasha's Distillery.
 11696 | D:8      | Bought a potion of might for 60 gold pieces
 11696 | D:8      | Bought a potion of might for 60 gold pieces
 11758 | D:8      | Found Rocism's Antique Weapon Emporium.
 11781 | D:8      | Found Ruseuqenn's Armour Shoppe.
 12275 | D:8      | Noticed a kobold demonologist
 12277 | D:8      | Noticed a sixfirhy
 12278 | D:8      | Noticed a sixfirhy
 12288 | D:8      | Killed a kobold demonologist
 12289 | D:8      | Reached XP level 10. HP: 9/91 MP: 8/13
 12295 | D:8      | Reached skill level 5 in Conjurations
 12300 | D:8      | Gained mutation: Your magical capacity is low. (-10% MP)
                  | [potion of mutation]
 12300 | D:8      | Gained mutation: You sometimes lose the ability to read
                  | scrolls when taking damage. [potion of mutation]
 12300 | D:8      | Gained mutation: You have sharp toenails. [potion of
                  | mutation]
 12300 | D:8      | HP: 3/91 [kobold brigand (2)]
 12301 | D:8      | Reached **** piety under Qazlal
 13068 | D:8      | Found a sacrificial altar of Ru.
 14955 | D:8      | Noticed an ice statue
 15704 | D:9      | Noticed a two-headed ogre
 15710 | D:9      | Killed a two-headed ogre
 15969 | D:9      | Found a stormy altar of Qazlal.
 16421 | D:9      | Learned a level 1 spell: Freeze
 16443 | D:9      | Found a snail-covered altar of Cheibriados.
 16527 | D:10     | Entered Level 10 of the Dungeon
 16832 | D:10     | Noticed a death yak
 16836 | D:10     | Noticed a death yak
 16836 | D:10     | Noticed a death yak
 16845 | D:10     | Killed a death yak
 16846 | D:10     | Reached skill level 5 in Maces & Flails
 16849 | D:10     | Noticed a death yak
 16853 | D:10     | Noticed a death yak
 16854 | D:10     | Reached XP level 11. HP: 51/97 MP: 2/13
 16869 | D:10     | Killed a death yak
 16872 | D:10     | Killed a death yak
 16880 | D:10     | Killed a death yak
 16884 | D:10     | HP: 2/145 [death yak (9)]
 16885 | D:10     | Mangled by a death yak

Illustrated notes

Levels and vault maps discovered:
D:1:      kennysheep_arrival_seaside, layout_rooms,
          ebering_ecumenical_altar_mist, serial_curves, eino_curves_01,
          eino_curves_03, eino_curves_02, eino_curves_02,
          ebering_dispersal_statue_hall
D:2:      layout_basic, basic_altar, minmay_fractal_squares_5
D:3:      layout_basic, mainiacjoe_overflow_alcove_4, uniq_terence
D:4:      layout_cave_pools, portal_sewer_entry_c, uniq_pikel, uniq_edmund
D:5:      layout_basic, lemuel_coloured_pillars_altar
D:6:      layout_rooms, mainiacjoe_overflow_tiny_flanked, grunt_ministairs_11
D:7:      layout_cave_pools, minmay_temple_entry_hall
D:8:      minmay_statue_hallways, layout_layer_cave, hangedman_ru_absence,
          special_room [special_room_kobold], serial_shops,
          nicolae_shop_temple_entry_statues_fountains, shop,
          nicolae_shop_competitors_out_of_business, nicolae_diamond_shop,
          nicolae_shop_trees, grunt_tough_drop
D:9:      layout_loops_cross, cheibrodos_worm_habitat,
          mainiacjoe_overflow_alcove_2, kennysheep_generic_room_13
D:10:     layout_roguey, lemuel_doored_altar, dpeg_lair_monsters, erik_orc_3,
          grunt_ministairs_12, uniq_maurice

Skill      XL: |  1  2  3  4  5  6  7  8  9 10 11 |
---------------+----------------------------------+-----
Stealth        | 2 |  2.2
Dodging        | 2 4 |  4.8
Ice Magic      | 5 8 10 11 12 | 12.0
Fighting       | 7 9 |  9.3
Conjurations   | 4 7 |  7.9
Maces & Flails | 5 7 |  7.7
Spellcasting   | |  2.3

Action                   |  1- 3 |  4- 6 |  7- 9 | 10-12 || total
-------------------------+-------+-------+-------+-------++-------
Melee: Quarterstaff      |    25 |    18 |       |       ||    43
       Whip              |       |       |    30 |    18 ||    48
       Tailslap          |       |       |     9 |     8 ||    17
       Flail             |       |       |    84 |    30 ||   114
       Dagger            |       |       |       |    12 ||    12
Throw: Boomerang         |       |       |    56 |    22 ||    78
       Dart              |       |       |       |     8 ||     8
 Cast: Freeze            |    50 |    55 |    68 |    12 ||   185
       Frozen Ramparts   |       |     2 |    38 |    24 ||    64
       Hailstorm         |       |       |       |    11 ||    11
 Abil: Breathe Frost     |       |       |       |     3 ||     3
Evoke: Wand              |       |       |     1 |     9 ||    10
  Use: Scroll            |       |       |     5 |     6 ||    11
       Potion            |       |       |     4 |    11 ||    15
 Stab: Invisible         |       |       |       |     1 ||     1
Armor: Skin              |    23 |    12 |    85 |    28 ||   148
Dodge: Dodged            |    43 |    31 |   170 |    56 ||   300
Block: Other             |     2 |     4 |    45 |    25 ||    76
